 Dungeon Crawl Stone Soup version 0.24.0-13-gcf9b319 (webtiles) character file.

Game seed: 2648292363963428344, levelgen mode: deterministic

5617 CrossroadsHorse the Skirmisher (level 10, -1/80 HPs)
             Began as a Demonspawn Berserker on Feb 26, 2020.
             Was an Elder of Trog.
             Slain by an orc warrior
             ... wielding a +0 short sword
              (11 damage)
             ... on level 9 of the Dungeon.
             The game lasted 00:56:45 (9726 turns).

CrossroadsHorse the Skirmisher (DsBe)               Turns: 9726, Time: 00:56:46

Health: -1/80      AC: 11    Str: 29    XL:     10   Next: 45%
Magic:  10/10      EV: 22    Int:  8    God:    Trog [****..]
Gold:   375        SH:  0    Dex: 18    Spells: 9/9 levels left

rFire    . . .     SeeInvis +   d - +3 scimitar (flame)
rCold    . . .     Gourm    .   (no shield)
rNeg     . . .     Faith    .   J - +0 scale mail
rPois    .         Spirit   .   (helmet unavailable)
rElec    .         Reflect  .   (no cloak)
rCorr    .         Harm     .   N - +2 pair of gloves {Str+3}
MR       ++...                  (no boots)
Stlth    +.........             (no amulet)
HPRegen  1.63/turn              (no ring)
MPRegen  0.12/turn              (no ring)

@: mighty, agile, berserk cooldown, regenerating, slowed, very slow
A: antennae 3, repulsion field 1, blurry vision 1, demonic guardian 1, powered
by pain 1, regeneration 1
a: Berserk, Trog's Hand, Brothers in Arms, Renounce Religion


You were on level 9 of the Dungeon.
You worshipped Trog.
Trog was greatly pleased with you.
You were not hungry.

You visited 1 branch of the dungeon, and saw 9 of its levels.

You collected 615 gold pieces.
You spent 240 gold pieces at shops.

Inventory:

Hand Weapons
 d - a +3 scimitar of flaming (weapon)
 k - a +0 arbalest
 n - a +0 flail of crushing
 F - the +11 quarterstaff "Naip" {freeze, +Fly Int+4 Dex-5}
   (You found it on level 6 of the Dungeon)

   It has been specially enchanted to freeze those struck by it, causing extra
   injury to most foes and up to half again as much damage against particularly
   susceptible opponents.
   It can also slow down cold-blooded creatures.
   It affects your intelligence (+4).
   It affects your dexterity (-5).
   It lets you fly.
 G - a +4 flail
 H - a +4 vampiric spear
Missiles
 g - a throwing net (quivered)
Armour
 J - a +0 scale mail (worn)
 N - a +2 pair of gloves of strength (worn)
Magical Staves
 z - a cursed staff of power {unknown}
 L - an uncursed staff of wizardry {unknown}
Jewellery
 e - an uncursed ring of protection from fire
 l - a +5 ring of intelligence {unknown}
 o - an uncursed amulet of faith
 p - an uncursed ring of flight
 v - a +4 ring of slaying {unknown}
Wands
 q - a wand of paralysis (8)
 C - a wand of polymorph (12)
 D - a wand of iceblast (6)
 K - a wand of scattershot (1)
Scrolls
 a - a scroll of magic mapping {unknown}
 f - 7 scrolls of teleportation
 j - a scroll of torment {unknown}
 u - 3 scrolls of identify
 w - 2 scrolls of enchant armour
 y - 2 scrolls of enchant weapon
 B - 2 scrolls of blinking
 E - a scroll of immolation {unknown}
 I - 2 scrolls of fear {unknown}
Potions
 b - a potion of flight
 h - a potion of mutation
 i - a potion of heal wounds {unknown}
 m - a potion of magic {unknown}
 r - a potion of degeneration {unknown}
 s - 2 potions of cancellation {unknown}
 x - a potion of might {unknown}
 A - a potion of lignification {unknown}
Comestibles
 c - 20 rations


   Skills:
 + Level 7.9 Fighting
 + Level 2.9 Long Blades
 - Level 6.6(7.4) Maces & Flails
 + Level 5.2(6.8) Staves
 + Level 7.0 Armour
 + Level 6.6 Dodging


You had 9 spell levels left.
You didn't know any spells.
Your spell library was empty.

Dungeon Overview and Level Annotations

Branches:
Dungeon (9/15)             Temple (0/1) D:4
   Lair: D:8-11         Orc: D:9-12

Altars:
Cheibriados
Gozag
Hepliaklqana
Qazlal
Trog
Wu Jian
Zin
The Shining One
Beogh

Shops:
D:7 [


Innate Abilities, Weirdness & Mutations

You have a pair of large antennae on your head. (SInv)
You are surrounded by a mild repulsion field. (EV +2)
A weak demonic guardian rushes to your aid.
You sometimes gain a little power by taking damage.
Scrolls take you a little longer to read.
Your natural rate of healing is unusually fast.


Message History

Aim: a troll (heavily wounded)
The burst of metal fragments hits the orc warrior but does no damage.
The burst of metal fragments hits the orc warrior.
The burst of metal fragments hits the orc warrior but does no damage.
The burst of metal fragments hits the troll!
The orc warrior is lightly wounded.
The troll is almost dead.
The gnoll sergeant misses you.
The orc warrior hits you with a +0 short sword.
* * * LOW HITPOINT WARNING * * *
The ogre misses you. The gnoll sergeant closely misses you.
You feel better.
The orc warrior hits you but does no damage.
The gnoll sergeant hits you from afar with a +0 spear of flaming.
* * * LOW HITPOINT WARNING * * *
The gnoll sergeant burns you.
* * * LOW HITPOINT WARNING * * *
The ogre barely misses you.
The orc warrior hits you with a +0 short sword!
You die...

#..# #.(########
#..........
#..........
#†######### #.#
#.# #5#
#@################
#oOg.^............
#Too..............
#o.###############
#..# #
#.)###############
#..)..{.....g.....
#..)..............
##################


You could see a troll, 2 orc warriors, an ogre, a gnoll sergeant, 2 orcs and a
friendly iron imp.

Vanquished Creatures
  Erica (D:8)
  A hornet (D:8)
  7 yaks (D:9)
  Grum (D:8)
  Menkaure (D:4)
  An ice beast (D:7)
  4 orc warriors
  2 sky beasts
  4 ogres
  A necrophage (D:8)
  3 wolves (D:8)
  A big kobold (D:7)
  5 bullfrogs
  A gnoll sergeant (D:7)
  A scorpion (D:9)
  3 killer bees (D:9)
  A howler monkey (D:9)
  5 crimson imps
  A bullfrog zombie (D:5)
  2 jellies
  2 orc priests (D:8)
  5 orc wizards
  An iguana (D:9)
  Natasha (D:2)
  4 worker ants
  A killer bee zombie (D:5)
  A hound zombie (D:6)
  2 hound skeletons
  2 howler monkey skeletons
  12 gnolls
  9 adders
  2 shadow imps
  An ooze (D:3)
  4 worms
  A dart slug (D:2)
  6 leopard geckos
  38 orcs
  6 bats
  5 giant cockroaches
  9 hobgoblins
  7 jackals
  A quokka (D:1)
  A ball python (D:4)
  5 frilled lizards
  5 goblins
  6 kobolds
  A quokka skeleton (D:3)
  11 rats
195 creatures vanquished.

Vanquished Creatures (collateral kills)
  2 yaks (D:9)
  An ice beast (D:7)
  A centaur (D:9)
  2 ogres
  3 killer bees (D:9)
  A crimson imp (D:4)
  An iguana (D:4)
  Natasha (D:2)
  2 gnolls
  An adder (D:4)
  An adder skeleton (D:4)
  A dart slug (D:4)
  8 orcs
  A giant cockroach (D:4)
  A kobold (D:7)
27 creatures vanquished.

Vanquished Creatures (others)
  10 toadstools (D:2)
10 creatures vanquished.

Grand Total: 232 creatures vanquished

Notes
Turn   | Place    | Note
-------+----------+-------------------------------------------
     0 | D:1      | CrossroadsHorse the Demonspawn Berserker began the quest
                  | for the Orb.
     0 | D:1      | Reached XP level 1. HP: 18/18 MP: 1/1
   341 | D:1      | Gained mutation: A weak demonic guardian rushes to your
                  | aid. [demonic ancestry]
   341 | D:1      | Reached XP level 2. HP: 22/24 MP: 2/2
  1120 | D:2      | Gained mutation: You have a pair of small antennae on your
                  | head. [demonic ancestry]
  1120 | D:2      | Reached XP level 3. HP: 22/29 MP: 3/3
  1311 | D:2      | Reached ** piety under Trog
  1432 | D:2      | Gained mutation: You sometimes gain a little power by
                  | taking damage. [demonic ancestry]
  1432 | D:2      | Reached XP level 4. HP: 34/35 MP: 4/4
  1628 | D:2      | Found an opulent altar of Gozag.
  1679 | D:2      | Found a snail-covered altar of Cheibriados.
  1679 | D:2      | Found a faded altar of an unknown god.
  1688 | D:2      | Found a glowing silver altar of Zin.
  1691 | D:2      | Found a hazy altar of Hepliaklqana.
  1693 | D:2      | Found an ornate altar of the Wu Jian Council.
  1793 | D:2      | Noticed Natasha
  1798 | D:2      | Killed Natasha
  1926 | D:2      | Noticed Natasha
  1930 | D:2      | Killed Natasha
  2004 | D:3      | Gained mutation: You are surrounded by a mild repulsion
                  | field. (EV +2) [demonic ancestry]
  2004 | D:3      | Reached XP level 5. HP: 33/42 MP: 5/5
  2870 | D:4      | Noticed an ogre
  3160 | D:4      | Killed an ogre
  3160 | D:4      | Gained mutation: You have a pair of antennae on your head.
                  | [demonic ancestry]
  3160 | D:4      | Reached XP level 6. HP: 48/48 MP: 6/6
  3177 | D:4      | Noticed Menkaure
  3183 | D:4      | Killed Menkaure
  3183 | D:4      | Reached skill level 5 in Maces & Flails
  3350 | D:4      | Found a glowing golden altar of the Shining One.
  3377 | D:4      | Reached *** piety under Trog
  3452 | D:4      | Gained mutation: You have a pair of large antennae on your
                  | head. (SInv) [demonic ancestry]
  3452 | D:4      | Reached XP level 7. HP: 49/55 MP: 7/7
  3518 | D:4      | Found a staircase to the Ecumenical Temple.
  3794 | D:5      | Entered Level 5 of the Dungeon
  3984 | D:5      | Noticed an air elemental
  3985 | D:5      | Found a stormy altar of Qazlal.
  3988 | D:5      | Noticed a fire elemental
  3988 | D:5      | Noticed a water elemental
  4316 | D:5      | Found a glowing drain.
  5570 | D:5      | Reached XP level 8. HP: 61/61 MP: 8/8
  5758 | D:6      | Reached skill level 5 in Fighting
  5853 | D:6      | Got an encrusted quarterstaff
  5854 | D:6      | Identified the +11 quarterstaff "Naip" {freeze, +Fly Int+4
                  | Dex-5} (You found it on level 6 of the Dungeon)
  6298 | D:7      | Reached **** piety under Trog
  6323 | D:7      | Reached skill level 1 in Staves
  6770 | D:7      | Found Puisol's Antique Armour Emporium.
  6798 | D:7      | Bought a pair of glowing gloves for 240 gold pieces
  6906 | D:7      | Reached skill level 5 in Armour
  7277 | D:8      | Noticed a hornet
  7279 | D:8      | Reached XP level 9. HP: 69/69 MP: 9/9
  7288 | D:8      | Paralysed by a hornet for 1 turns
  7292 | D:8      | Reached skill level 5 in Dodging
  7542 | D:8      | Noticed Erica
  7561 | D:8      | Killed Erica
  7735 | D:8      | Noticed Grum
  7744 | D:8      | Killed Grum
  8037 | D:8      | Found a roughly hewn altar of Beogh.
  8080 | D:8      | Gained mutation: Scrolls take you a little longer to read.
                  | [potion of mutation]
  8080 | D:8      | Gained mutation: Your natural rate of healing is unusually
                  | fast. [potion of mutation]
  8500 | D:9      | Reached skill level 1 in Long Blades
  8909 | D:9      | Reached XP level 10. HP: 79/79 MP: 10/10
  9250 | D:9      | Reached skill level 5 in Staves
  9319 | D:9      | Found a bloodstained altar of Trog.
  9406 | D:9      | Reached ***** piety under Trog
  9726 | D:9      | Slain by an orc warrior

Levels and vault maps discovered:
D:1:      dpeg_arrival_simpleton_b, layout_basic, minmay_pentomino_t4
D:2:      cheibrodos_fertilizer, layout_rooms,
          chequers_temple_overflow_minitemple, nicolae_gozag_seed_capital,
          uniq_natasha
D:3:      layout_basic
D:4:      layout_basic, tso_altar, minmay_temple_entry_fiery,
          minmay_manual_mail, uniq_menkaure
D:5:      layout_basic, gup_sewer_entry_glass, first_ration, solitary_fountain,
          hangedman_decor_points, nicolae_qazlal_style_of_elements
D:6:      layout_basic
D:7:      layout_basic, serial_shops, nicolae_shop_stone
D:8:      layout_basic, special_room [special_room_orc], uniq_grum, uniq_erica
D:9:      layout_long_grid, lemuel_coloured_pillars_altar,
          kennysheep_orc_monster_closet_entryway, serial_shops, shop

Skill      XL: |  1  2  3  4  5  6  7  8  9 10 |
---------------+-------------------------------+-----
Maces & Flails | 3 4 5 6 |  6.6
Armour         | 2 3 4 5 6 7 |  7.0
Dodging        | 2 3 4 6 |  6.6
Fighting       | 4 6 7 |  7.9
Staves         | 2 4 5 |  5.2
Long Blades    | 1 2 |  2.9

Action                   |  1- 3 |  4- 6 |  7- 9 | 10-12 || total
-------------------------+-------+-------+-------+-------++-------
Melee: Mace              |    70 |       |       |       ||    70
       Flail             |     6 |   128 |   158 |       ||   292
       Quarterstaff      |       |       |   105 |       ||   105
       Scimitar          |       |       |    69 |    62 ||   131
Invok: Berserk           |     1 |     1 |     5 |     1 ||     8
       Trog's Hand       |       |     1 |     9 |     2 ||    12
       Brothers in Arms  |       |       |       |     1 ||     1
Evoke: Wand              |       |       |       |     1 ||     1
  Use: Scroll            |     5 |     5 |     2 |       ||    12
       Potion            |       |       |     5 |     2 ||     7
 Stab: Distracted        |       |       |     1 |       ||     1
  Eat: Chunk             |     3 |     2 |     5 |       ||    10
       Ration            |       |     3 |     6 |       ||     9
Armor: Animal skin       |     4 |       |       |       ||     4
       Ring mail         |    38 |    43 |    78 |       ||   159
       Scale mail        |       |       |    82 |    39 ||   121
Dodge: Dodged            |    64 |    83 |   358 |   122 ||   627
       Rpst.: Scimitar   |       |       |    36 |    39 ||    75
